 Dungeon Crawl Stone Soup version 0.21-a0-578-gc6e9d75 (webtiles) character file.

10768 4thArraOfDagon the Fencer (level 11, -4/92 HPs)
             Began as a Minotaur Abyssal Knight on Dec 18, 2017.
             Was an Elder of Lugonu.
             Slain by a spatial vortex (21 damage)
             ... summoned by a spatial maelstrom
             ... summoned by Lugonu's corruption
             ... in a labyrinth.
             The game lasted 00:28:01 (5896 turns).

4thArraOfDagon the Fencer (Minotaur Abyssal Knight) Turns: 5896, Time: 00:28:02

Health: -4/92      AC:  6    Str: 18    XL:     11   Next: 40%
Magic:  22/25      EV: 11    Int: 12    God:    Lugonu [****..]
Gold:   576        SH:  0    Dex:  9    Spells: 10/10 levels left

rFire    . . .     SeeInvis .   x - +4 great sword
rCold    . . .     Gourm    +   (shield currently unavailable)
rNeg     . . .     Faith    .   I - +0 troll leather armour
rPois    +         Spirit   .   (helmet restricted)
rElec    .         Reflect  .   j - +1 cloak {rPois}
rCorr    .         Harm     .   (no gloves)
MR       +....                  (no boots)
Stlth    +.........             H - amulet of the gourmand
HPRegen  0.65/turn              B - ring of magical power
MPRegen  0.19/turn              v - ring of protection from magic

@: no status effects
A: retaliatory headbutt, horns 2
a: Depart the Abyss, Bend Space, Banish, Corrupt, Renounce Religion


You were in a labyrinth.
You worshipped Lugonu.
Lugonu was greatly pleased with you.
You were hungry.

You visited 1 branch of the dungeon, and saw 12 of its levels.
You visited the Abyss 1 time.
You also visited: Labyrinth.

You collected 576 gold pieces.

Inventory:

Hand Weapons
 a - a +1 falchion
 i - a +0 scimitar of flaming
 o - a +1 falchion of pain
 x - a +4 great sword (weapon)
 y - a cursed +0 scimitar
 L - a +0 blowgun
Missiles
 r - 2 javelins
 A - 5 poisoned tomahawks (quivered)
 M - 8 curare-tipped needles
Armour
 b - a +0 leather armour
 d - a +0 ring mail
 e - a +0 plate armour
 j - a +1 cloak of poison resistance (worn)
 C - a +2 robe of cold resistance
 I - a +0 troll leather armour (worn)
Magical Staves
 F - a cursed staff of death {unknown}
 Q - an uncursed staff of summoning {unknown}
Jewellery
 v - a ring of protection from magic (right hand)
 B - a ring of magical power (left hand)
 H - an amulet of the gourmand (around neck)
 U - a cursed amulet of inaccuracy {unknown}
Wands
 s - a wand of flame (10)
 D - a wand of digging (38)
 J - a wand of random effects (36)
 P - a wand of enslavement (16)
 R - a wand of iceblast (16)
Scrolls
 f - 3 scrolls of enchant weapon
 g - 2 scrolls of blinking
 k - 2 scrolls of fog
 l - 2 scrolls of amnesia
 m - 5 scrolls of remove curse
 n - 2 scrolls of enchant armour
 p - 3 scrolls of noise
 t - 7 scrolls of teleportation
 w - a scroll of summoning
 z - a scroll of fear
 E - a scroll of immolation
 G - a scroll of brand weapon
 O - a scroll of identify
Potions
 h - a potion of degeneration
 q - 5 potions of curing
 u - 3 potions of heal wounds
 K - a potion of lignification
 N - 2 potions of brilliance
Miscellaneous
 S - a box of beasts
Comestibles
 c - 9 rations


   Skills:
 - Level 7.0 Fighting
 * Level 17.0 Long Blades
 - Level 4.0 Armour
 - Level 1.1 Dodging
 - Level 8.2 Invocations


You had 10 spell levels left.
You didn't know any spells.

Dungeon Overview and Level Annotations

Branches:
Dungeon (12/15)               Orc (0/2) D:9
 Temple: D:4-7         Lair: D:8-11

Altars:
Dithmenos
Elyvilon
Gozag
Hepliaklqana
Kikubaaqudgha
Makhleb
Nemelex Xobeh
Qazlal
Sif Muna
Trog
Uskayaw
Wu Jian
Xom
Beogh

Annotations:
D:2 Sigmund
D:10 Gastronok
D:12 corrupted Lab corrupted


Innate Abilities, Weirdness & Mutations

You reflexively headbutt those who attack you in melee.
You have a pair of horns on your head.


Message History

A spatial vortex comes into view.
You are feeling hungry.
The spatial maelstrom hits you but does no damage.
The spatial maelstrom barely misses you.
Unknown command.
The spatial maelstrom barely misses you.
The spatial maelstrom hits you. Space warps horribly around you!
* * * LOW HITPOINT WARNING * * *
Unknown command.
Unknown command.
A spatial vortex comes into view.
A spatial vortex comes into view.
The spatial vortex moves out of view.
Unknown command.
A spatial vortex comes into view.
Unknown command.
A spatial vortex comes into view.
Unknown command.
The spatial vortex hits you!!
You die...

#...4XX)...5
########## #
..x..v...##v...
x.....#
##.5#x#..##t#..##x##
.## #x#
t...#5#.#55.#...# #
.#X<55.v...###.# ..
.#.#.§§#...#...#.#
.## . #.≈##.3..#..#
# # ... ####v.v#.# #
## ...XX.3.#@#.# #
...#.5...#...3.# ###
# #####.#.###.# #
....# ..#.. ### .#
#.### # . ..# . #
#### # .. # #


You could see a neutral spatial maelstrom, 2 neutral spatial vortices, a neutral
apocalypse crab (wandering), a neutral neqoxec (wandering), a neutral ynoxinul
(wandering), 2 neutral quasits and 2 neutral ufetubi.

Vanquished Creatures
  Erica (D:9)
  Pikel (D:7)
  2 gargoyles
  A troll (D:11)
  Grinder (D:3)
  A hippogriff (D:8)
  9 yaks
  2 wyverns
  7 hungry ghosts
  4 orc warriors
  An ice beast (D:8)
  2 sky beasts
  A slave (D:7)
  3 phantoms
  A necrophage (D:11)
  3 centaurs
  6 ogres
  4 big kobolds
  9 bullfrogs
  A gnoll sergeant (D:7)
  A wyvern skeleton (D:10)
  3 scorpions
  11 killer bees
  4 wights (D:6)
  3 howler monkeys
  6 crimson imps
  A quasit (D:11)
  3 jellies
  6 hounds
  2 orc priests
  Crazy Yiuf (D:7)
  A bullfrog skeleton (D:4)
  Terence (D:2)
  10 orc wizards
  10 worker ants
  A killer bee zombie (D:6)
  3 hound skeletons
  A howler monkey zombie (D:6)
  A worker ant zombie (D:7)
  8 gnolls
  A howler monkey skeleton (D:5)
  10 adders
  5 shadow imps
  4 oozes
  2 adder skeletons
  An adder zombie (D:6)
  A dart slug (D:2)
  A leopard gecko (D:2)
  44 orcs
  A ball python (D:4)
  5 giant cockroaches
  4 hobgoblins
  7 jackals
  19 kobolds
  A quokka (D:3)
  5 bats
  4 frilled lizards
  4 goblins
  A quokka zombie (D:6)
  5 rats
262 creatures vanquished.

Vanquished Creatures (others)
  Nessos (D:12)
  A minotaur (Lab)
  A two-headed ogre (D:11)
  A spiny frog (D:10)
  A vampire (D:12)
  A hungry ghost (D:12)
  A steam dragon (D:8)
  3 bullfrogs (D:12)
  A crimson imp (D:12)
  An orc priest (D:12)
  A worker ant (D:12)
  2 adders
  3 gnolls (D:5)
  2 orcs (D:12)
  3 kobolds (D:7)
  4 starspawn tentacles (D:12)
27 creatures vanquished.

Grand Total: 289 creatures vanquished

Notes
Turn   | Place    | Note
-------+----------+-------------------------------------------
     0 | Abyss:1  | 4thArraOfDagon the Minotaur Abyssal Knight began the quest for the Orb.
     0 | Abyss:1  | Reached XP level 1. HP: 19/19 MP: 1/1
    60 | Abyss:1  | Found a corrupted altar of Lugonu.
   104 | Abyss:3  | Noticed an ancient zyme
   111 | Abyss:3  | Noticed a small abomination
   112 | D:1      | Escaped the Abyss
   259 | D:1      | Reached * piety under Lugonu
   357 | D:4      | Noticed a hound
   369 | D:4      | Killed a hound
   369 | D:4      | Reached skill level 3 in Long Blades
   369 | D:4      | Reached XP level 2. HP: 21/27 MP: 2/2
   369 | D:4      | Reached XP level 3. HP: 26/33 MP: 3/3
   389 | D:3      | Noticed Grinder
   404 | D:3      | Paralysed by Grinder for 3 turns
   411 | D:3      | Paralysed by Grinder for 2 turns
   415 | D:3      | Killed Grinder
   415 | D:3      | Reached skill level 4 in Long Blades
   415 | D:3      | Reached XP level 4. HP: 19/41 MP: 3/5
   415 | D:3      | Reached XP level 5. HP: 21/47 MP: 3/6
   430 | D:3      | Found an opulent altar of Gozag.
   530 | D:3      | Reached skill level 5 in Long Blades
   648 | D:2      | Noticed Terence
   649 | D:2      | Found a hazy altar of Hepliaklqana.
   658 | D:2      | Killed Terence
   658 | D:2      | Reached XP level 6. HP: 49/55 MP: 7/7
   718 | D:2      | Found a bloodstained altar of Trog.
   719 | D:2      | Found a stormy altar of Qazlal.
   719 | D:2      | Found an ancient bone altar of Kikubaaqudgha.
   722 | D:2      | Found a shimmering altar of Xom.
   762 | D:2      | Noticed Sigmund
   823 | D:2      | Found a deep blue altar of Sif Muna.
  1083 | D:1      | Reached ** piety under Lugonu
  1405 | D:4      | Reached skill level 5 in Fighting
  1480 | D:4      | Reached skill level 6 in Long Blades
  1558 | D:4      | Reached XP level 7. HP: 50/61 MP: 8/8
  1618 | D:4      | Found a hide-covered altar of Uskayaw.
  1618 | D:4      | Found a burning altar of Makhleb.
  1631 | D:5      | Entered Level 5 of the Dungeon
  1803 | D:5      | Reached skill level 7 in Long Blades
  2124 | D:6      | Reached XP level 8. HP: 50/71 MP: 10/10
  2126 | D:6      | Reached skill level 8 in Long Blades
  2229 | D:6      | Reached skill level 5 in Invocations
  2488 | D:6      | Reached skill level 9 in Long Blades
  2581 | D:6      | Reached *** piety under Lugonu
  2844 | D:7      | Reached skill level 10 in Long Blades
  2992 | D:7      | Reached XP level 9. HP: 61/79 MP: 12/12
  3093 | D:7      | Reached skill level 11 in Long Blades
  3110 | D:7      | HP: 3/79 [ogre/giant club (16)]
  3185 | D:7      | Noticed Pikel
  3211 | D:7      | Reached **** piety under Lugonu
  3214 | D:7      | Killed Pikel
  3279 | D:7      | Found a runed door.
  3283 | D:7      | Noticed Crazy Yiuf
  3286 | D:7      | Killed Crazy Yiuf
  3391 | D:8      | Reached skill level 12 in Long Blades
  3620 | D:8      | Noticed a gargoyle
  3625 | D:8      | Killed a gargoyle
  3686 | D:8      | Reached XP level 10. HP: 42/86 MP: 14/14
  3788 | D:8      | Reached skill level 13 in Long Blades
  3936 | D:9      | Found a white marble altar of Elyvilon.
  4028 | D:9      | Found an ornate altar of the Wu Jian Council.
  4127 | D:9      | Noticed a two-headed ogre
  4130 | D:9      | Banished a two-headed ogre
  4133 | D:9      | Found a roughly hewn altar of Beogh.
  4133 | D:9      | Found a staircase to the Orcish Mines.
  4139 | D:9      | Reached skill level 14 in Long Blades
  4151 | D:10     | Entered Level 10 of the Dungeon
  4216 | D:10     | Reached ***** piety under Lugonu
  4326 | D:10     | Reached skill level 15 in Long Blades
  4408 | D:10     | Noticed a gargoyle
  4412 | D:10     | Killed a gargoyle
  4448 | D:10     | Found a shadowy altar of Dithmenos.
  4498 | D:10     | Noticed Sonja
  4502 | D:10     | Noticed Sonja
  4502 | D:10     | Sonja changed into Sonja the queen bee
  4505 | D:10     | Noticed Sonja
  4505 | D:10     | Sonja the queen bee changed into Sonja the spiny frog
  4508 | D:10     | Banished Sonja the spiny frog
  4543 | D:9      | Reached XP level 11. HP: 26/92 MP: 16/16
  4626 | D:9      | Noticed Erica
  4636 | D:9      | Killed Erica
  4636 | D:9      | Reached skill level 16 in Long Blades
  4668 | D:9      | Found a sparkling altar of Nemelex Xobeh.
  5023 | D:10     | Noticed Gastronok
  5149 | D:11     | Noticed a purple ugly thing
  5233 | D:11     | Paralysed by fainting for 9 turns
  5245 | D:11     | Paralysed by fainting for 10 turns
  5338 | D:11     | Noticed a two-headed ogre
  5341 | D:11     | Banished a two-headed ogre
  5424 | D:12     | Noticed Nessos
  5428 | D:12     | Corrupted D:12
  5428 | D:12     | Noticed a soul eater
  5428 | D:12     | Noticed a thrashing horror
  5428 | D:12     | Noticed a large abomination
  5428 | D:12     | Noticed a starcursed mass
  5428 | D:12     | Noticed an Executioner
  5428 | D:12     | Noticed a thrashing horror
  5429 | D:12     | Noticed a deep elf elementalist
  5429 | D:12     | Noticed a starcursed mass
  5429 | D:12     | Noticed a tentacled starspawn
  5430 | D:12     | Noticed a tentacled starspawn
  5430 | D:12     | Noticed a large abomination
  5432 | D:12     | Noticed a lich
  5432 | D:12     | Noticed a green death
  5432 | D:12     | Your ally died
  5438 | D:12     | Noticed a starcursed mass
  5440 | D:12     | Noticed a thrashing horror
  5573 | D:12     | Found a labyrinth entrance.
  5579 | Lab      | Entered a labyrinth
  5731 | Lab      | Reached skill level 17 in Long Blades
  5854 | Lab      | Noticed a minotaur
  5865 | Lab      | Corrupted Lab
  5865 | Lab      | Noticed a tentacled starspawn
  5865 | Lab      | Noticed a thrashing horror
  5865 | Lab      | Noticed a starcursed mass
  5865 | Lab      | Noticed a reaper
  5865 | Lab      | Noticed a glowing orange brain
  5865 | Lab      | Noticed a large abomination
  5866 | Lab      | Noticed an eidolon
  5866 | Lab      | Noticed a balrug
  5868 | Lab      | Noticed a bone dragon
  5868 | Lab      | Noticed a starcursed mass
  5868 | Lab      | Killed a minotaur
  5871 | Lab      | Noticed a thrashing horror
  5873 | Lab      | Noticed a thrashing horror
  5876 | Lab      | Noticed a sixfirhy
  5886 | Lab      | Noticed a tentacled starspawn
  5888 | Lab      | Noticed a spatial maelstrom
  5893 | Lab      | Noticed a starcursed mass
  5896 | Lab      | Slain by a spatial vortex

Vault maps used:
D:1:      tarquinn_simple_flora_water_e, serial_park_tiny_1,
          kennysheep_flooded_box
D:2:      nicolae_overflow_crystal_walls, lemuel_round_altar,
          grunt_temple_overflow_open, kennysheep_generic_room_3, uniq_sigmund,
          uniq_terence
D:3:      yredelemnul_altar_generic,
          nicolae_gozag_cash_rules_everything_around_me, uniq_grinder
D:4:      amethyst_overflow_temple_binary
D:5:      lemuel_temple_firewalk_b, first_ration
D:6:      kennysheep_small_spiral, hex_tiny
D:7:      uniq_crazy_yiuf_cottage, uniq_pikel
D:9:      lemuel_crystal_altar, nicolae_ru_great_annihilating_truth,
          elyvilon_altar_3, lair_entry_dummy, david_orc_5, hangedman_ranch,
          nemelex_xobeh_ov_fountains_minmay, uniq_erica
D:10:     special_room, grunt_dithmenos_shadows, uniq_sonja, uniq_gastronok
D:12:     lab_entry_generic, basic_altar, pond, uniq_nessos
Abyss:2:  guppyfry_abyss_exit_spiral_guarded
Abyss:3:  guppyfry_abyss_exit_glass_guarded, nicolae_abyss_rune_star_stuff
Lab:      labyrinth_watery, nicolae_lab_grate_2, nicolae_lab_hexagon,
          nicolae_lab_grate, labyrinth_skeletal_remains,
          nicolae_lab_very_dead_end, lab_block

Skill      XL: |  1  2  3  4  5  6  7  8  9 10 11 |
---------------+----------------------------------+-----
Fighting       | 4 5 6 7 |  7.0
Long Blades    | 3 4 5 6 7 10 12 15 17 | 17.0
Invocations    | 2 3 4 6 7 8 |  8.2
Armour         | 3 4 |  4.0
Dodging        | |  1.1

Action                   |  1- 3 |  4- 6 |  7- 9 | 10-12 || total
-------------------------+-------+-------+-------+-------++-------
Melee: Falchion          |    32 |   125 |   206 |       ||   363
       Headbutt          |     2 |    22 |    57 |    41 ||   122
       Great sword       |       |       |   197 |   323 ||   520
Throw: Javelin           |       |       |     4 |       ||     4
       Tomahawk          |       |       |     3 |     2 ||     5
Invok: Depart the Abyss  |     1 |       |       |       ||     1
       Banish            |       |       |     2 |     4 ||     6
       Bend Space        |       |       |       |     3 ||     3
       Corrupt           |       |       |       |     2 ||     2
Evoke: Wand              |       |       |     8 |    11 ||    19
  Use: Potion            |     1 |       |    12 |    11 ||    24
       Scroll            |       |     4 |     2 |    13 ||    19
 Stab: Invisible         |       |       |     2 |       ||     2
       Distracted        |       |       |       |     1 ||     1
  Eat: Chunk             |       |     2 |     9 |    24 ||    35
       Ration            |       |       |       |     3 ||     3
Armor: Plate armour      |    10 |    87 |   231 |   134 ||   462
       Skin              |    26 |       |    44 |    16 ||    86
       Troll leather arm |       |       |       |    32 ||    32
Dodge: Dodged            |    11 |    37 |   114 |    76 ||   238
       Rpst.: Falchion   |     2 |    10 |     9 |       ||    21
       Great sword       |       |       |    20 |    18 ||    38

Table legend:
 A = Spawn XP
 B = Non-spawn XP
 C = Spawn XP percentage of total XP
 D = Spawn monster count
 E = Non-spawn monster count
 F = Spawn count percentage of total count
 G = Total turns spent on level
                    A         B        C        D         E        F      G
               +---------+---------+-------+---------+---------+-------+---------
         Total |       0 |   15384 |   0.0 |       0 |     265 |   0.0 |  5896
               +---------+---------+-------+---------+---------+-------+---------
           D:1 |       0 |      16 |   0.0 |       0 |       8 |   0.0 |   349
           D:2 |       0 |      50 |   0.0 |       0 |       8 |   0.0 |   313
           D:3 |       0 |     306 |   0.0 |       0 |      18 |   0.0 |   454
           D:4 |       0 |     391 |   0.0 |       0 |      16 |   0.0 |   403
           D:5 |       0 |     476 |   0.0 |       0 |      15 |   0.0 |   508
           D:6 |       0 |    1243 |   0.0 |       0 |      31 |   0.0 |   700
           D:7 |       0 |    1951 |   0.0 |       0 |      39 |   0.0 |   489
           D:8 |       0 |    1957 |   0.0 |       0 |      35 |   0.0 |   587
           D:9 |       0 |    2700 |   0.0 |       0 |      32 |   0.0 |   411
          D:10 |       0 |    3285 |   0.0 |       0 |      39 |   0.0 |   515
          D:11 |       0 |    2174 |   0.0 |       0 |      19 |   0.0 |   577
          D:12 |       0 |      97 |   0.0 |       0 |       1 |   0.0 |   161
           Lab |       0 |     738 |   0.0 |       0 |       4 |   0.0 |   317
               +---------+---------+-------+---------+---------+-------+---------
